 Dungeon Crawl Stone Soup version 0.29.1-13-g9f3cf754e1 (webtiles) character file.

Game seed: 12977495930065309684

290 shadowmeld the Insei (level 6, 0/42 HPs)
             Began as a Djinni Transmuter on Jan 30, 2023.
             Slain by a howler monkey (6 damage)
             ... on level 5 of the Dungeon.
             The game lasted 00:11:56 (3277 turns).

shadowmeld the Insei (Djinni Transmuter)            Turns: 3277, Time: 00:11:57

Health: 0/42       AC:  6    Str:  9    XL:     6   Next: 58%
Gold:   178        EV: 12    Int: 16    God:
                   SH:  0    Dex: 14

rFire   + + .      SeeInvis .     - Unarmed
rCold   . . .      Faith    .   (no shield)
rNeg    . . .      Spirit   .   f - +2 leather armour {rC+}
rPois   ∞          Reflect  .   (no helmet)
rElec   .          Harm     .   b - +0 cloak
rCorr   .          Rampage  .   (no gloves)
Will    .....                   (boots unavailable)
Stlth   +.........              (no amulet)
HPRegen 0.14/turn               (no ring)
MPRegen 0.00/turn               (no ring)

@: flying
A: sickness immunity, fire resistance 2, cold vulnerability 1, float, innate
caster, HP casting, extra vitality 1
a: no special abilities


You were on level 5 of the Dungeon.
You visited 1 branch of the dungeon, and saw 5 of its levels.

You collected 178 gold pieces.

Inventory:

Missiles
 e - 7 poisoned darts
Armour
 b - a +0 cloak (worn)
 f - a +2 leather armour of cold resistance (worn)
Scrolls
 c - 2 scrolls of identify {unknown}
 d - a scroll of noise {unknown}
 g - 3 scrolls of teleportation {unknown}
 h - a scroll of fog {unknown}
Potions
 a - a potion of curing {unknown}
 i - a potion of haste {unknown}
 j - a potion of magic {unknown}
 k - a potion of resistance {unknown}
 l - a potion of lignification
 m - 2 potions of attraction {unknown}


   Skills:
 + Level 1.6 Fighting
 + Level 2.0 Armour
 + Level 3.2 Dodging
 + Level 1.1 Stealth
 + Level 4.9 Unarmed Combat
 + Level 2.5 Spellcasting


You couldn't memorise any spells.
You knew the following spells:

 Your Spells              Type           Power      Damage    Failure   Level
a - Beastly Appendage     Tmut           20%        N/A       10%         1
b - Wereblood             Tmut           10%        N/A       14%         2
c - Spider Form           Tmut/Pois      10%        N/A       28%         3
d - Ice Form              Ice/Tmut       10%        N/A       67%         4
e - Sting                 Tmut/Pois      40%        1d5       10%         1
f - Ensorcelled Hibernat  Hex/Ice        20%        N/A       14%         2
Your spell library was empty.

Dungeon Overview and Level Annotations

Branches:
Dungeon (5/15)
 Temple: D:4-7

Altars:
Makhleb
Nemelex Xobeh
The Shining One

Annotations:
D:4 Robin


Innate Abilities, Weirdness & Mutations

You are immune to sickness and miasma.
You are immune to poison.
Your flesh is very heat resistant. (rF++)
You are vulnerable to cold. (rC-)
You float through the air rather than walking.
You learn spells naturally, not from books.
Your magical power is your life essence.
You have superior vitality. (+4 MHP)


Message History

You can't go up here!
The hobgoblin barely misses you. The goblin closely misses you.
The hobgoblin misses you.
The hobgoblin hits you but does no damage.
You fly downwards.
Found 13 gold pieces and 2 pink potions.
There is a stone staircase leading up here.
You hit the hobgoblin.
The hobgoblin is severely wounded.
The howler monkey howls!
The hobgoblin barely misses you. The hobgoblin hits you.
* * * LOW HITPOINT WARNING * * *
You closely miss the hobgoblin.
The hobgoblin is severely wounded.
The hobgoblin hits you.
* * * LOW HITPOINT WARNING * * *
The hobgoblin completely misses you.
You hit the hobgoblin.
You kill the hobgoblin!
Your Armour skill increases to level 2!
You hit the hobgoblin.
The hobgoblin is almost dead.
The hobgoblin barely misses you.
You hit the hobgoblin.
You kill the hobgoblin!
The howler monkey hoots and howls with incredible vigour!
You hear an angry hiss. x2
You hit the goblin.
You kill the goblin!
A white imp comes into view.
You barely miss the hobgoblin. The hobgoblin closely misses you.
You hit the hobgoblin.
The hobgoblin is heavily wounded.
The hobgoblin barely misses you.
You hit the hobgoblin.
You kill the hobgoblin!
You closely miss the howler monkey.
The howler monkey hits you but does no damage.
You barely miss the howler monkey. The howler monkey hits you.
You die...

.!#######
.$..5.h@#
.####.#.#
.. #.#
... #.#
#.. #.#
## #.#
#.# #.#


You could see a howler monkey and a white imp.

Vanquished Creatures
  A phantom (D:4)
  A necrophage (D:4)
  A hound (D:4)
  Crazy Yiuf (D:2)
  3 adders
  2 dart slugs
  An orc (D:3)
  5 endoplasms
  2 giant cockroaches
  13 goblins
  7 hobgoblins
  2 jackals (D:2)
  6 kobolds
  3 quokkas
  7 ball pythons
  4 bats (D:1)
  3 frilled lizards
  2 rats
64 creatures vanquished.

Vanquished Creatures (others)
  A fungus (D:2)
1 creature vanquished.

Grand Total: 65 creatures vanquished

Notes
Turn   | Place    | Note
-------+----------+-------------------------------------------
     0 | D:1      | shadowmeld the Djinni Transmuter began the quest for the
                  | Orb.
     0 | D:1      | shadowmeld set off with the following spells memorised:
                  | Beastly Appendage, Wereblood, Spider Form, Ice Form.
     0 | D:1      | Reached XP level 1. HP: 17/17 MP: 0/0
   320 | D:1      | Reached XP level 2. HP: 21/22 MP: 0/0
   937 | D:1      | Reached XP level 3. HP: 27/27 MP: 0/0
   937 | D:1      | Learned a level 1 spell: Sting
  1570 | D:2      | Found a sparkling altar of Nemelex Xobeh.
  1760 | D:2      | Found a runed translucent door.
  1761 | D:2      | Noticed Crazy Yiuf
  1767 | D:2      | Killed Crazy Yiuf
  1768 | D:2      | Reached skill level 4 in Unarmed Combat
  1768 | D:2      | Reached XP level 4. HP: 32/32 MP: 0/0
  1914 | D:3      | Found a burning altar of Makhleb.
  2324 | D:3      | Reached XP level 5. HP: 32/37 MP: 0/0
  2324 | D:3      | Learned a level 2 spell: Ensorcelled Hibernation
  2362 | D:3      | Found a glowing golden altar of the Shining One.
  2771 | D:4      | Reached skill level 1 in Armour
  2793 | D:4      | Reached skill level 1 in Stealth
  2793 | D:4      | Reached XP level 6. HP: 8/42 MP: 0/0
  3224 | D:4      | Noticed Robin
  3266 | D:5      | Entered Level 5 of the Dungeon
  3277 | D:5      | Slain by a howler monkey

Illustrated notes

Levels and vault maps discovered:
D:1:      minmay_arrival_wavy_path, layout_loops_corners, minivault_24
D:2:      minmay_razor_zed, layout_loops_cross, basic_altar,
          hellmonk_ecumenical_altar_pennies_from_heaven, uniq_crazy_yiuf_cottage
D:3:      layout_basic, marbit_many_paths, nicolae_vehumet_altar_sigil,
          nicolae_overflow_crystal_walls
D:4:      layout_loops_ring, led_sif_pool, uniq_pikel, uniq_robin
D:5:      layout_basic, dancing_weapons_uskayaw, overflow_temple_1_default,
          minmay_temple_entry_purple_smoke, uniq_prince_ribbit1

Skill      XL: |  1  2  3  4  5  6 |
---------------+-------------------+-----
Spellcasting   | 2 |  2.5
Unarmed Combat | 4 |  4.9
Armour         | 1 2 |  2.0
Dodging        | 3 |  3.2
Stealth        | 1 |  1.1
Fighting       | |  1.6

Action                   |  1- 3 |  4- 6 || total
-------------------------+-------+-------++-------
Melee: Unarmed           |    88 |   157 ||   245
       Headbutt          |    11 |    17 ||    28
       Punch             |     1 |     7 ||     8
 Cast: Beastly Appendage |    20 |    15 ||    35
  Use: Potion            |     1 |       ||     1
 Stab: Sleeping          |     1 |     1 ||     2
Armor: Robe              |    12 |       ||    12
       Leather armour    |    12 |    59 ||    71
Dodge: Dodged            |    58 |    80 ||   138
